 Dungeon Crawl Stone Soup version 0.27-a0-457-gba82baf56e (webtiles) character file.

Game seed: 5323944806393337631

165 Chiseanne the Firebug (level 5, -10/35 HPs)
             Began as a Demonspawn Wanderer on Feb 28, 2021.
             Mangled by an ogre
             ... wielding a +0 giant spiked club
              (26 damage)
             ... on level 5 of the Dungeon.
             The game lasted 00:06:21 (3311 turns).

Chiseanne the Firebug (Demonspawn Wanderer)         Turns: 3311, Time: 00:06:22

Health: -10/35     AC:  5    Str:  9    XL:     5   Next: 22%
Magic:  6/9        EV: 11    Int: 19    God:
Gold:   95         SH:  0    Dex: 11    Spells: 8/10 levels left

rFire    . . .     SeeInvis .   f - +1 dagger (drain)
rCold    . . .     Faith    .   (no shield)
rNeg     . . .     Spirit   .   d - +0 robe
rPois    .         Reflect  .   (no helmet)
rElec    .         Harm     .   (no cloak)
rCorr    .         Rampage  .   (no gloves)
Will     .....                  (no boots)
Stlth    ++........             (no amulet)
HPRegen  0.11/turn              (no ring)
MPRegen  0.22/turn              (no ring)

@: no status effects
A: yellow scales 2, magic regeneration
a: no special abilities


You were on level 5 of the Dungeon.
You visited 1 branch of the dungeon, and saw 4 of its levels.

You collected 95 gold pieces.

Inventory:

Hand Weapons
 f - a +1 dagger of draining (weapon)
Missiles
 a - 14 poisoned darts
 c - 77 stones (quivered)
 h - 27 arrows
Armour
 d - a +0 robe (worn)
Wands
 m - a wand of iceblast (1)
Scrolls
 b - a scroll of immolation {unknown}
 e - a scroll of identify
 g - a scroll of amnesia
 k - a scroll of blinking {unknown}
 l - a scroll of enchant weapon {unknown}
Potions
 i - a potion of curing
 j - a potion of flight {unknown}


   Skills:
 - Level 1.2 Throwing
 - Level 1.2 Stealth
 * Level 3.2 Spellcasting
 * Level 2.3 Conjurations
 - Level 1.3 Necromancy
 * Level 3.7 Fire Magic
 - Level 2.2 Poison Magic


You had 8 spell levels left.
You knew the following spells:

 Your Spells              Type           Power        Failure   Level
a - Sting                 Tmut/Pois      28%          10%         1
b - Foxfire               Conj/Fire      56%          4%          1

Your spell library contained the following spells:

 Spells                   Type           Power        Failure   Level
 Animate Skeleton         Necr           16%          9%          1
 Pain                     Necr           32%          9%          1
 Ignite Poison            Fire/Tmut/Pois 10%          21%         3
 Mephitic Cloud           Conj/Pois/Air  8%           24%         3
 Vampiric Draining        Necr           4%           26%         3
 Animate Dead             Necr           4%           65%         4
 Agony                    Necr           8%           94%         5


Dungeon Overview and Level Annotations

Branches:
Dungeon (3/15)

Altars:

Portals:
Abyss: D:3

Annotations:
D:3 2 transporters, TimeIsEndless's ghost, amateur VSFi


Innate Abilities, Weirdness & Mutations

You are mostly covered in yellow scales. (AC +3)
You regenerate magic rapidly.


Message History

The ogre is lightly wounded.
Casting: Sting (safe; 10% risk of failure)
Confirm with . or Enter, or press ? or * to list all spells.
Aiming: Sting (safe; 10% risk of failure)
Press: ? - help, Shift-Dir - straight line, f/p - ogre
Aim: an ogre, wielding a +0 giant spiked club (lightly wounded, poisoned, 15% to evade)
The sting misses the ogre.
Casting: Sting (safe; 10% risk of failure)
Confirm with . or Enter, or press ? or * to list all spells.
You conjure some foxfire!
The ogre barely misses you.
Your foxfire dissipates!
A giant cockroach comes into view.
There is a stone staircase leading down here.
The ogre looks more healthy.
Found a scroll of amnesia.
Casting: Foxfire (safe; 4% risk of failure)
Confirm with . or Enter, or press ? or * to list all spells.
Aiming: Sting (safe; 10% risk of failure)
Press: ? - help, Shift-Dir - straight line, f/p - ogre
Aim: an ogre, wielding a +0 giant spiked club (lightly wounded, 15% to evade)
The sting hits the ogre.
The ogre is poisoned.
The ogre is lightly wounded.
Casting: Sting (safe; 10% risk of failure)
Confirm with . or Enter, or press ? or * to list all spells.
You conjure some foxfire!
The ogre closely misses you.
Your foxfire dissipates!
The foxfire hits the orc but does no damage.
Casting: Foxfire (safe; 4% risk of failure)
Confirm with . or Enter, or press ? or * to list all spells.
You conjure some foxfire!
The orc completely misses you.
The ogre hits you with a +0 giant spiked club!
Your foxfire dissipates!
The foxfire hits the orc but does no damage.
Casting: Foxfire (safe; 4% risk of failure)
Confirm with . or Enter, or press ? or * to list all spells.
You conjure some foxfire!
The ogre looks more healthy.
The orc hits you with a +0 club.
The ogre hits you with a +0 giant spiked club!!
Ouch! That really hurt!
You die...

#... #..# #..# .
#..# # #..### #
#....# # #
#########.#.###.# #
#..........O§v..###.
#
#.#######.oo@v......
## #.# ###.########
.# #o# #.# .####.#
#.# ..o.o#....B..
..# .####.#######
### .. .# .# ## .#


You could see an ogre (ally target) and 2 orcs.

Vanquished Creatures
  A hound (D:5)
  An orc priest (D:5)
  4 adders (D:2)
  A worm (D:2)
  A dart slug (D:1)
  A leopard gecko (D:2)
  2 orcs
  2 ball pythons
  9 goblins
  7 hobgoblins
  3 jackals (D:2)
  10 bats
  6 frilled lizards
  10 kobolds
  8 rats
66 creatures vanquished.

Vanquished Creatures (others)
  75 foxfires
75 creatures vanquished.

Grand Total: 141 creatures vanquished

Notes
Turn   | Place    | Note
-------+----------+-------------------------------------------
     0 | D:1      | Chiseanne the Demonspawn Wanderer began the quest for the
                  | Orb.
     0 | D:1      | Chiseanne set off with the following items: a +0 dagger, a
                  | +0 robe; and the following spells available to memorise:
                  | Foxfire, Animate Skeleton, Pain, Sting, Ignite Poison,
                  | Vampiric Draining, Mephitic Cloud, Animate Dead, Agony
     0 | D:1      | Reached XP level 1. HP: 13/13 MP: 3/3
     4 | D:1      | Learned a level 1 spell: Foxfire
   633 | D:1      | Gained mutation: You are partially covered in yellow
                  | scales. (AC +2) [demonic ancestry]
   633 | D:1      | Reached XP level 2. HP: 19/19 MP: 3/5
  1327 | D:1      | Gained mutation: You regenerate magic rapidly. [demonic
                  | ancestry]
  1327 | D:1      | Reached XP level 3. HP: 21/23 MP: 1/6
  1681 | D:2      | Reached skill level 1 in Conjurations
  2009 | D:2      | Learned a level 1 spell: Sting
  2247 | D:2      | Reached XP level 4. HP: 23/30 MP: 2/8
  3119 | D:3      | Noticed a small abomination
  3135 | D:3      | Found a transporter.
  3157 | D:3      | Found a transporter.
  3182 | D:3      | Found a one-way gate to the infinite horrors of the Abyss.
  3182 | D:3      | Noticed TimeIsEndless's ghost (amateur VSFi)
  3225 | D:3      | You fall into a shaft and drop 2 floors!
  3225 | D:5      | Entered Level 5 of the Dungeon
  3259 | D:5      | Gained mutation: You are mostly covered in yellow scales.
                  | (AC +3) [demonic ancestry]
  3259 | D:5      | Reached XP level 5. HP: 28/35 MP: 3/9
  3287 | D:5      | Noticed an ogre
  3311 | D:5      | Mangled by an ogre

Illustrated notes

Levels and vault maps discovered:
D:1:      eino_arrival_water_star, layout_basic, minmay_misc_feat_chi,
          minmay_3d_cube
D:2:      layout_loops_ring
D:3:      layout_rooms, chequers_ecumenical_altar_twisty,
          gammafunk_ghost_abyssal_escape
D:5:      layout_loops_ring, nicolae_overflow_crystal_walls, serial_shops, shop,
          hangedman_abyss_or_decor_stabs, minmay_misc_feat_room

Skill      XL: |  1  2  3  4 |
---------------+-------------+-----
Fire Magic     | 3 |  3.7
Conjurations   | 1 2 |  2.3
Spellcasting   | 3 |  3.2
Throwing       | |  1.2
Stealth        | |  1.2
Necromancy     | |  1.3
Poison Magic   | |  2.2

Action                   |  1- 3 |  4- 6 || total
-------------------------+-------+-------++-------
Melee: Dagger            |    52 |    12 ||    64
       Short sword       |    13 |       ||    13
Throw: Stone             |     1 |       ||     1
       Throwing net      |     1 |       ||     1
 Cast: Foxfire           |    40 |    10 ||    50
       Sting             |     8 |    45 ||    53
Evoke: Wand              |       |     2 ||     2
  Use: Potion            |     1 |       ||     1
       Scroll            |       |     2 ||     2
 Stab: Sleeping          |     3 |     1 ||     4
       Distracted        |     1 |       ||     1
Armor: Robe              |    44 |    13 ||    57
Dodge: Dodged            |    84 |    30 ||   114

Table legend: (Time is in decaauts)
 A = Elapsed time spent in this place.
 B = Non-inter-level travel time spent in this place.
 C = Inter-level travel time spent in this place.
 D = Time resting spent in this place.
 E = Time spent auto-exploring this place.
 F = Levels seen in this place.
 G = Mean time per level.
                   A        B        C        D        E       F      G
               +--------+--------+--------+--------+--------+-----+--------+
         Total |   3314 |   3259 |     55 |   1109 |   1562 |   4 |  828.5 |
       Dungeon |   3314 |   3259 |     55 |   1109 |   1562 |   4 |  828.5 |
               +--------+--------+--------+--------+--------+-----+--------+

Top non-repeatable levels by time:
     D:1: 1632 daAuts
     D:2: 1225 daAuts
     D:3: 370 daAuts
     D:5: 85 daAuts
